 Dungeon Crawl Stone Soup version 0.29-a0-474-gdfe5cd140f (webtiles) character file.

Game seed: 673717104708403019

33439 spiderkeys the Fighter (level 13, 0/145 HPs)
             Began as an Ogre Abyssal Knight on May 23, 2022.
             Was a Priest of Lugonu.
             Slain by a wolf (2 damage)
             ... while petrified by a basilisk
             ... on level 3 of the Lair of Beasts on May 24, 2022.
             The game lasted 00:48:17 (21482 turns).

spiderkeys the Fighter (Ogre Abyssal Knight)       Turns: 21482, Time: 00:48:17

Health: 0/145      AC:  8    Str: 20    XL:     13   Next: 71%
Magic:  23/23      EV:  1    Int: 19    God:    Lugonu [***...]
Gold:   808        SH:  0    Dex: 11    Spells: 12/26 levels left

rFire   . . .      SeeInvis .   a - +0 broad axe (freeze)
rCold   . . .      Faith    .   A - +0 kite shield
rNeg    + + +      Spirit   .   C - +0 troll leather armour
rPois   ∞          Reflect  .   (helmet restricted)
rElec   .          Harm     .   L - +2 cloak {rCorr}
rCorr   +          Rampage  .   (gloves unavailable)
Will    +....                   (boots unavailable)
Stlth   +.........              g - amulet of regeneration
HPRegen 1.94/turn               I - +6 ring of intelligence
MPRegen 0.18/turn               P - ring of poison resistance

@: petrified
A: large, unfitting armour, tough skin 1
a: Renounce Religion, Depart the Abyss, Bend Space, Banish


You were on level 3 of the Lair of Beasts.
You worshipped Lugonu.
Lugonu was most pleased with you.
You visited 2 branches of the dungeon, and saw 16 of its levels.
You visited the Abyss 1 time.
You also visited: Sewer and Ice Cave.

You collected 1646 gold pieces.
You spent 838 gold pieces at shops.


Innate Abilities, Weirdness & Mutations

You are too large for most types of armour.
You have tough skin. (AC +1)


   Skills:
 + Level 13.8 Fighting
 - Level 8.5(8.8) Axes
 - Level 3.1(5.8) Maces & Flails
 - Level 0.1(2.0) Staves
 - Level 4.3 Armour
 - Level 2.1 Dodging
 + Level 9.8 Shields
 - Level 7.0 Spellcasting
 * Level 6.3 Conjurations
 - Level 5.0 Transmutations
 * Level 6.3 Earth Magic
 - Level 9.0 Invocations


You had 12 spell levels left.
You knew the following spells:

 Your Spells              Type           Power      Damage    Failure   Level
i - Iron Shot             Conj/Erth      15%        9d4       94%         6
l - Lee's Rapid Deconstr  Erth           15%        3d11*     41%         5
s - Spider Form           Tmut/Pois      16%        N/A       24%         3

Your spell library contained the following spells:

 Spells                   Type           Power      Damage    Failure   Level
 Beastly Appendage        Tmut           50%        N/A       2%          1
 Wereblood                Tmut           25%        N/A       4%          2
 Foxfire                  Conj/Fire      72%        2x1d7     6%          1
 Conjure Flame            Conj/Fire      18%        6-21      19%         3
 Apportation              Tloc           12%        N/A       22%         1
 Necrotize                Necr           24%        1d5       22%         1
 Summon Small Mammal      Summ           24%        N/A       22%         1
 Animate Armour           Summ/Erth      36%        N/A       52%         4
 Flame Wave               Conj/Fire      18%        2d6       52%         4
 Frozen Ramparts          Ice            12%        1d3       54%         3
 Inner Flame              Hex/Fire       6%         N/A       54%         3
 Ice Form                 Ice/Tmut       16%        N/A       61%         4
 Blade Hands              Tmut           12%        N/A       61%         5
 Borgnjor's Vile Clutch   Necr/Erth      9%         N/A       86%         5
 Summon Ice Beast         Ice/Summ       6%         N/A       91%         4

Inventory:

Hand Weapons
 a - a +0 broad axe of freezing (weapon)
   (You took it off a naga on level 3 of the Lair of Beasts)
 m - the +3 Elemental Staff {rElec rF++ rC++ AC+5}
   (You acquired it on level 8 of the Dungeon)

   If the wielder is skilled in Evocations, they can discharge powerful blasts
   of elemental energy when striking with it.
   It enhances your fire, ice, earth and air magic.
   AC:        It affects your AC (+5).
   rF:        It greatly protects you from fire.
   rC:        It greatly protects you from cold.
   rElec:     It insulates you from electricity.
 w - the +7 war axe of Distraction {antimagic, rC++ Str+4}
   (You found it on level 3 of the Dungeon)

   It reduces the magical energy of the wielder, and disrupts the spells and
   magical abilities of those it strikes.
   Natural abilities and divine invocations are not affected.
   Str:       It affects your strength (+4).
   rC:        It greatly protects you from cold.
 U - the +10 hand crossbow of Dividends {flame, rF+}
   (You found it on level 2 of the Lair of Beasts)

   Any ammunition fired from it burns those it strikes, dealing additional fire
   damage.
   rF:        It protects you from fire.
Missiles
 b - a curare-tipped dart {=f}
 f - 449 stones
 l - 29 poisoned darts
 B - 8 boomerangs
 J - 7 large rocks {=f}
 K - 6 silver javelins
 Q - 7 javelins
Armour
 A - a +0 kite shield (worn)
   (You bought it in a shop on level 3 of the Dungeon)
 C - a +0 troll leather armour (worn)
   (You found it on level 9 of the Dungeon)
 L - a +2 cloak of preservation (worn)
   (You took it off Crazy Yiuf on level 5 of the Dungeon)
Jewellery
 g - an amulet of regeneration (around neck)
   (You found it on level 4 of the Dungeon)
 v - a ring of see invisible
   (You found it on level 11 of the Dungeon)
 I - a +6 ring of intelligence (left hand)
   (You took it off a gnoll on level 7 of the Dungeon)
 P - a ring of poison resistance (right hand)
   (You found it on level 3 of the Lair of Beasts)
 T - an amulet of faith {!P}
   (You found it on level 1 of the Dungeon)
Wands
 d - a wand of flame (14)
   (You found it on level 2 of the Dungeon)
 e - a wand of digging (1)
   (You found it on level 3 of the Dungeon)
 N - a wand of paralysis (6)
   (You found it on level 6 of the Dungeon)
 X - a wand of iceblast (4)
   (You found it on level 1 of the Lair of Beasts)
Scrolls
 h - 7 scrolls of teleportation {@r4}
 j - 6 scrolls of vulnerability {!r!r}
 n - 4 scrolls of poison {!r}
 q - 3 scrolls of noise {!r}
 u - 2 scrolls of immolation {!r!r}
 y - 5 scrolls of enchant armour
 D - 4 scrolls of amnesia
 E - a scroll of blinking {!r}
 F - a scroll of summoning
 R - a scroll of silence {!r}
 V - 3 scrolls of magic mapping {!r}
 W - 3 scrolls of torment {!r}
 Y - a scroll of fog
 Z - 3 scrolls of fear
Potions
 c - 3 potions of invisibility
 i - 2 potions of berserk rage {unknown}
 k - 3 potions of degeneration {unknown}
 o - 3 potions of brilliance
 p - a potion of curing {@q1}
 r - 4 potions of mutation {!q}
 s - 2 potions of attraction {unknown}
 t - 3 potions of might
 x - 2 potions of magic {unknown}
 z - 4 potions of lignification {!q}
 G - a potion of resistance {unknown}
 H - a potion of ambrosia {unknown}
 M - a potion of haste {@q3}
 O - 2 potions of heal wounds {@q2}

Dungeon Overview and Level Annotations

Branches:
Dungeon (13/15)            Temple (0/1) D:4            Lair (3/6) D:11
  Swamp (0/4) Lair:2        Snake (0/4) Lair:3          Orc (0/2) D:9
  Sewer (visited)           IceCv (visited)
 Vaults: D:13-14

Altars:
Cheibriados
Fedhas
Hepliaklqana
Nemelex Xobeh
Sif Muna
Trog
Vehumet
Xom
Zin

Shops:
D:3 [   D:6 [   D:8 *

Annotations:
D:6 1 runed translucent door, quokkamancerX's ghost, novice OgIE
Abyss:1 Joseph; Maggie; Nergalle; Sonja

........## #.....##
........##
#.....P##### #...#.#
###.†.......
#...######.†.......
##...#.##†#†....##.#
##...##........####
##...#..........#
#...hl....##.....
.#..h@h...#.####..
#.......##### .
.........##
########.. ##.# ##


You could see a basilisk and 3 wolves.


Message History

The wolf closely misses you.
The wolf bites you but does no damage. 😨 HP[-5]
You take 5 damage, and now have 66/145 hp.
You barely miss the basilisk. You hit the wolf but do no damage.
You closely miss the wolf.
The basilisk is no longer moving slowly.
The wolf bites you.
* * * LOW HITPOINT WARNING * * *
The wolf bites you.
* * * LOW HITPOINT WARNING * * *
The basilisk gazes at you.
You are slowing down.
The wolf bites you!
* * * LOW HITPOINT WARNING * * *
The wolf bites you!
* * * LOW HITPOINT WARNING * * *
😨 HP[-10]
You take 10 damage, and now have 56/145 hp.
You closely miss the basilisk. You miss the wolf. x2
You block the wolf's attack. The wolf barely misses you.
You block the basilisk's attack. The wolf bites you.
* * * LOW HITPOINT WARNING * * *
The wolf bites you.
* * * LOW HITPOINT WARNING * * *
The wolf bites you!
* * * LOW HITPOINT WARNING * * *
The wolf bites you.
* * * LOW HITPOINT WARNING * * *
The basilisk gazes at you.
You easily resist.
You have turned to stone.
A wolf comes into view.
The wolf bites you but does no damage. The wolf bites you.
* * * LOW HITPOINT WARNING * * *
The basilisk bites you!
* * * LOW HITPOINT WARNING * * *
The wolf howls!
The wolf bites you.
* * * LOW HITPOINT WARNING * * *
The wolf bites you.
* * * LOW HITPOINT WARNING * * *
The wolf bites you. The wolf barely misses you.
The basilisk bites you but does no damage.
The wolf bites you!
* * * LOW HITPOINT WARNING * * *
The wolf bites you but does no damage. The wolf bites you.
* * * LOW HITPOINT WARNING * * *
The wolf bites you. The basilisk bites you.
* * * LOW HITPOINT WARNING * * *
The wolf bites you but does no damage. The wolf bites you.
* * * LOW HITPOINT WARNING * * *
The wolf bites you but does no damage. The basilisk gazes at you.
The wolf bites you but does no damage. The wolf bites you.
* * * LOW HITPOINT WARNING * * *
The wolf bites you!
* * * LOW HITPOINT WARNING * * *
The wolf bites you but does no damage. The wolf bites you.
* * * LOW HITPOINT WARNING * * *
The basilisk bites you. The wolf barely misses you. The wolf bites you.
* * * LOW HITPOINT WARNING * * *
The wolf bites you!
* * * LOW HITPOINT WARNING * * *
The wolf bites you.
* * * LOW HITPOINT WARNING * * *
The wolf bites you!
* * * LOW HITPOINT WARNING * * *
The wolf bites you but does no damage. The basilisk gazes at you.
You easily resist.
The wolf bites you!
* * * LOW HITPOINT WARNING * * *
The wolf bites you. x2
* * * LOW HITPOINT WARNING * * *
The wolf bites you.
* * * LOW HITPOINT WARNING * * *
The basilisk gazes at you.
You easily resist.
The wolf bites you but does no damage. The wolf bites you.
* * * LOW HITPOINT WARNING * * *
The wolf bites you.
* * * LOW HITPOINT WARNING * * *
The wolf bites you but does no damage. x2; The basilisk bites you!
* * * LOW HITPOINT WARNING * * *
The wolf bites you.
* * * LOW HITPOINT WARNING * * *
The wolf bites you.
* * * LOW HITPOINT WARNING * * *
The wolf bites you.
* * * LOW HITPOINT WARNING * * *
The wolf bites you.
* * * LOW HITPOINT WARNING * * *
The wolf bites you.
* * * LOW HITPOINT WARNING * * *
The wolf barely misses you. The basilisk gazes at you.
You easily resist.
The wolf bites you.
* * * LOW HITPOINT WARNING * * *
The wolf bites you but does no damage. The wolf bites you.
You die...

Skill      XL: |  1  2  3  4  5  6  7  8  9 10 11 12 13 |
---------------+----------------------------------------+-----
Maces & Flails | 2 3 |  3.1
Spellcasting   | 1 2 3 4 5 6 7 |  7.0
Invocations    | 3 4 5 6 7 8 9 |  9.0
Fighting       | 5 6 8 9 10 11 13 | 13.8
Axes           | 1 2 4 5 6 7 8 |  8.5
Shields        | 1 2 4 5 6 7 9 |  9.8
Transmutations | 1 3 5 |  5.0
Armour         | 3 4 |  4.3
Conjurations   | 4 6 |  6.3
Earth Magic    | 4 6 |  6.3
Staves         | |  0.1
Dodging        | |  2.1

Action                   |  1- 3 |  4- 6 |  7- 9 | 10-12 | 13-15 || total
-------------------------+-------+-------+-------+-------+-------++-------
Melee: Mace              |   117 |   183 |       |       |       ||   300
       Punch             |     1 |     1 |       |       |       ||     2
       War axe           |       |    43 |   204 |   461 |   226 ||   934
       Quarterstaff      |       |    37 |       |       |       ||    37
       Broad axe         |       |       |       |       |    60 ||    60
 Fire: Hand crossbow     |       |       |       |       |    21 ||    21
Throw: Dart              |     1 |     1 |     6 |    11 |     3 ||    22
Invok: Bend Space        |       |     6 |     3 |    26 |    12 ||    47
       Banish            |       |       |     2 |    12 |     7 ||    21
Evoke: Wand              |     7 |     6 |     8 |    28 |    13 ||    62
  Use: Scroll            |     4 |     5 |     5 |    13 |     5 ||    32
       Potion            |       |     1 |     1 |     8 |     1 ||    11
 Stab: Sleeping          |       |     1 |     1 |       |       ||     2
       Paralysed         |       |       |     2 |    12 |    10 ||    24
Armor: Robe              |    46 |   117 |    75 |    18 |       ||   256
       Troll leather arm |       |       |       |   184 |   118 ||   302
Dodge: Dodged            |    64 |   152 |    76 |   207 |   137 ||   636
Block: Kite shield       |       |    13 |   108 |   312 |   197 ||   630

Levels and vault maps discovered:
D:1:      dpeg_arrival_simpleton_b, layout_loops_ring,
          dreamdust_ecumenical_altar_drowned_temple
D:2:      kennysheep_big_flooded_room, layout_loops_cross,
          serial_bayou_lagoon_a, uniq_terence
D:3:      layout_loops_ring, serial_shops, shop, portal_sewer_entry_e
D:4:      layout_loops_corners, temple_pool_b,
          nicolae_concentric_dashed_squares_mild, corexii_checkpoint_a
D:5:      layout_loops_ring, uniq_crazy_yiuf_cottage
D:6:      layout_loops_corners, ebering_ghost_sewer_d, nicolae_stop_n_shop_1,
          nicolae_underground_beach, uniq_maggie, uniq_pikel
D:7:      layout_basic, mainiacjoe_overflow_two_lobes,
          nicolae_figureground_pulse, uniq_joseph
D:8:      layout_loops_ring, hellmonk_ghost_big_iron, serial_shops,
          nicolae_shop_crystal
D:9:      layout_stronghold, chequers_temple_overflow_statue_of_worship,
          vehumet_altar_wand_db, orc_0_dummy
D:10:     layout_stronghold
D:11:     layout_layer_cave, due_lair_maze_entry_diamond, portal_ice_cave_rime,
          grunt_tough_drop, uniq_erica
D:12:     layout_cave_pools, brannock_xom_greatest_gift, uniq_sonja
D:13:     emtedronai_trogs_sanctum, layout_grid_maze, bloody_trog, uniq_kirke
Lair:1:   layout_chaotic_city, uniq_prince_ribbit2
Lair:2:   layout_chaotic_city, minmay_swamp_entry_worms,
          hangedman_lair_unloving_vines, uniq_fannar, uniq_nergalle
Lair:3:   beast_lair_carwin_large_3, layout_layer_cave,
          guppyfry_snake_entry_island

Notes
Turn   | Place    | Note
-------+----------+-------------------------------------------
     0 | Abyss:1  | spiderkeys the Ogre Abyssal Knight began the quest for the
                  | Orb.
     0 | Abyss:1  | Reached XP level 1. HP: 24/24 MP: 2/2
     0 | Abyss:1  | magus.rc [v1.11.3]
     5 | Abyss:1  | Noticed a smoke demon
    18 | Abyss:1  | HP: 6/24 [something/ball of steam (18)]
    37 | D:1      | You pass through the gate.
    37 | D:1      | Escaped the Abyss
   352 | D:1      | Found a faded altar of an unknown god.
   491 | D:1      | Reached skill level 2 in Maces & Flails
   491 | D:1      | Reached XP level 2. HP: 32/32 MP: 3/3
  1067 | D:1      | Reached XP level 3. HP: 35/40 MP: 4/4
  1225 | D:1      | Reached *** piety under Lugonu
  1823 | D:2      | You pick up a book of Rime and begin reading...
  1823 | D:2      | You add the spells Frozen Ramparts, Ice Form and Summon Ice
                  | Beast to your library.
  1907 | D:2      | Reached skill level 1 in Spellcasting
  2095 | D:2      | Noticed Terence
  2103 | D:2      | Killed Terence
  2104 | D:2      | Reached skill level 3 in Invocations
  2104 | D:2      | Reached XP level 4. HP: 23/49 MP: 6/6
  2961 | D:3      | Reached skill level 5 in Fighting
  2982 | D:3      | Found a glowing drain.
  3057 | Sewer    | Entered a sewer
  3103 | Sewer    | Reached **** piety under Lugonu
  3205 | Sewer    | Reached XP level 5. HP: 57/57 MP: 7/7
  3252 | Sewer    | Reached skill level 2 in Spellcasting
  3529 | Sewer    | HP: 14/57 [river rat (3)]
  3792 | Sewer    | Reached skill level 3 in Maces & Flails
  3850 | Sewer    | HP: 13/57 [ball python (2)]
  3870 | Sewer    | HP: 12/57 [ball python (1)]
  3881 | Sewer    | HP: 13/57 [rat (1)]
  4136 | Sewer    | Reached ***** piety under Lugonu
  4137 | Sewer    | Reached XP level 6. HP: 55/66 MP: 9/9
  4653 | D:3      | You pick up a book of Changes and begin reading...
  4653 | D:3      | You add the spells Beastly Appendage, Wereblood and Spider
                  | Form to your library.
  4923 | D:3      | Identified the +7 war axe of Distraction {antimagic, rC++
                  | Str+4}
  4971 | D:3      | You pick up a book of Cantrips and begin reading...
  4971 | D:3      | You add the spells Necrotize, Summon Small Mammal and
                  | Apportation to your library.
  5252 | D:3      | Found Icihiwuk's Armour Shop.
  5260 | D:3      | Bought a +0 kite shield for 58 gold pieces
  5668 | D:4      | Reached skill level 4 in Invocations
  5921 | D:4      | Found a staircase to the Ecumenical Temple.
  5998 | D:4      | Reached skill level 3 in Spellcasting
  6015 | D:4      | Reached skill level 1 in Axes
  6015 | D:4      | Reached skill level 1 in Shields
  6271 | D:4      | Reached skill level 6 in Fighting
  6505 | D:5      | Entered Level 5 of the Dungeon
  6549 | D:5      | Reached XP level 7. HP: 69/75 MP: 3/11
  6865 | D:5      | Reached skill level 2 in Axes
  6865 | D:5      | Reached skill level 2 in Shields
  7229 | D:5      | Reached skill level 4 in Spellcasting
  7229 | D:5      | Reached skill level 5 in Invocations
  7229 | D:5      | Reached XP level 8. HP: 77/84 MP: 4/14
  7320 | D:5      | Identified the +4 falchion of Defiance {elec, Fragile rN+
                  | MP+9 Str+7}
  7362 | D:5      | Found a runed translucent door.
  7363 | D:5      | Noticed Crazy Yiuf
  7673 | D:5      | Reached skill level 7 in Fighting
  7849 | D:5      | Killed Crazy Yiuf
  7904 | D:6      | Noticed Pikel
  7904 | D:6      | Found Nooxtathranos's Armour Shoppe.
  8176 | D:4      | Killed Pikel
  8177 | D:4      | Reached skill level 3 in Axes
  8177 | D:4      | Reached skill level 3 in Shields
  8348 | D:6      | Noticed Maggie
  8569 | D:6      | HP: 16/87 [Maggie/+2 morningstar of flaming (10)]
  8570 | D:6      | Banished Maggie
  8571 | D:6      | Reached skill level 8 in Fighting
  8571 | D:6      | Reached skill level 4 in Axes
  8571 | D:6      | Reached skill level 4 in Shields
  8571 | D:6      | Reached skill level 5 in Spellcasting
  8571 | D:6      | Reached skill level 6 in Invocations
  8571 | D:6      | Reached XP level 9. HP: 16/96 MP: 1/17
  9453 | D:6      | Found a runed translucent door.
  9454 | D:6      | Noticed quokkamancerX's ghost (novice OgIE)
 10152 | D:7      | Noticed Joseph
 10155 | D:7      | Banished Joseph
 10156 | D:7      | Reached skill level 6 in Spellcasting
 10398 | D:7      | HP: 24/97 [gnoll/+0 halberd[a gnoll shaman] (9)]
 10398 | D:7      | HP: 8/97 [gnoll shaman/+0 quarterstaff (16)]
 10872 | D:7      | Reached skill level 5 in Axes
 10876 | D:7      | Learned a level 3 spell: Spider Form
 10983 | D:7      | Found a hazy altar of Hepliaklqana.
 11016 | D:7      | Found a blossoming altar of Fedhas.
 11286 | D:8      | Reached skill level 9 in Fighting
 11286 | D:8      | Reached skill level 5 in Shields
 11286 | D:8      | Reached skill level 7 in Invocations
 11460 | D:8      | Found a runed translucent door.
 11460 | D:8      | Noticed Foxy's ghost (novice PaBe)
 11507 | D:8      | Found Zeckyjeu's General Store.
 11614 | D:8      | Reached skill level 1 in Transmutations
 11909 | D:8      | Reached XP level 10. HP: 45/107 MP: 6/19
 11911 | D:8      | HP: 24/104 [wight/+3 morningstar (3)]
 11914 | D:8      | HP: 11/101 [poisoned by a killer bee]
 12560 | D:8      | Noticed a two-headed ogre
 12561 | D:8      | Banished a two-headed ogre
 12562 | D:8      | Reached skill level 2 in Transmutations
 12844 | D:9      | Reached skill level 7 in Spellcasting
 13123 | D:9      | Found a radiant altar of Vehumet.
 13212 | D:9      | Found a staircase to the Orcish Mines.
 13734 | D:9      | Found a glowing silver altar of Zin.
 13734 | D:9      | Found a shimmering blue altar of Sif Muna.
 13734 | D:9      | Found a sparkling altar of Nemelex Xobeh.
 13735 | D:9      | Found a snail-covered altar of Cheibriados.
 13807 | D:9      | Reached skill level 6 in Axes
 13947 | D:9      | Reached skill level 6 in Shields
 14122 | D:9      | Reached skill level 10 in Fighting
 14219 | D:9      | Reached skill level 3 in Transmutations
 14219 | D:9      | Reached skill level 8 in Invocations
 14631 | D:10     | Entered Level 10 of the Dungeon
 14663 | D:10     | Noticed a two-headed ogre
 14664 | D:10     | Banished a two-headed ogre
 14665 | D:10     | Reached XP level 11. HP: 119/119 MP: 2/21
 14793 | D:10     | Reached skill level 1 in Armour
 14980 | D:10     | Reached skill level 4 in Transmutations
 15232 | D:10     | Reached ****** piety under Lugonu
 15506 | D:10     | Reached skill level 7 in Axes
 15796 | D:11     | Found a frozen archway.
 15802 | D:11     | Reached skill level 7 in Shields
 15810 | D:11     | Reached skill level 2 in Armour
 15836 | IceCv    | Entered an ice cave
 15836 | IceCv    | Noticed a white ugly thing
 15837 | IceCv    | Banished a white ugly thing
 15838 | IceCv    | Reached skill level 11 in Fighting
 15878 | IceCv    | Found a transporter.
 15882 | IceCv    | Noticed a white ugly thing
 15885 | IceCv    | Found a transporter.
 15893 | IceCv    | Identified the +0 pair of boots "Gytegi" {Int+7}
 15899 | IceCv    | Banished a white ugly thing
 15900 | IceCv    | Reached skill level 9 in Invocations
 16014 | D:11     | Noticed Erica
 16030 | D:11     | Killed Erica
 16157 | D:11     | Reached skill level 5 in Transmutations
 16211 | D:11     | Noticed a five-headed hydra
 16241 | D:11     | Noticed a boulder beetle
 16252 | D:11     | Found a staircase to the Lair.
 16291 | D:12     | Reached skill level 3 in Armour
 16297 | D:12     | Noticed Sonja
 16308 | D:12     | Banished Sonja
 16313 | D:12     | HP: 26/123 [yak (8)]
 16313 | D:12     | Noticed a green ugly thing
 16314 | D:12     | Reached XP level 12. HP: 28/131 MP: 2/22
 16328 | D:12     | Reached skill level 8 in Axes
 16332 | D:12     | Noticed a two-headed ogre
 16335 | D:12     | Reached skill level 12 in Fighting
 16335 | D:12     | Reached skill level 8 in Shields
 16359 | D:11     | HP: 24/132 [boulder beetle (23)]
 16363 | D:11     | HP: 11/132 [poisoned by you (poison gas)]
 16460 | D:11     | You fall into a shaft and drop 1 floor!
 16461 | D:12     | Noticed a six-headed hydra
 16465 | D:12     | Banished a six-headed hydra
 16468 | D:12     | Identified a scroll of acquirement
 16469 | D:12     | Acquired 766 gold pieces
 16493 | D:11     | Reached skill level 4 in Armour
 16496 | D:11     | Banished a five-headed hydra
 16587 | D:8      | Bought a scroll of acquirement for 780 gold pieces
 16587 | D:8      | Acquired the +3 Elemental Staff {rElec rF++ rC++ AC+5}
 16587 | D:8      | Found the +3 Elemental Staff {rElec rF++ rC++ AC+5}
 16745 | D:8      | Killed Foxy's ghost
 16754 | D:8      | You add the spells Lee's Rapid Deconstruction, Borgnjor's
                  | Vile Clutch and Iron Shot to your library.
 16754 | D:8      | Got the Almanac of the Rocks
 16765 | D:8      | Learned a level 6 spell: Iron Shot
 17106 | D:11     | Reached skill level 1 in Conjurations
 17106 | D:11     | Reached skill level 1 in Earth Magic
 17275 | D:11     | Killed a boulder beetle
 17276 | D:11     | Reached skill level 2 in Conjurations
 17276 | D:11     | Reached skill level 2 in Earth Magic
 17342 | D:11     | Noticed a centaur warrior
 17344 | D:11     | Noticed a centaur warrior
 17433 | D:11     | Killed a centaur warrior
 17435 | D:11     | Killed a centaur warrior
 17438 | D:11     | HP: 25/133 [cyclops (22)]
 17443 | D:11     | HP: 13/133 [gargoyle/+0 mace (16)]
 17445 | D:11     | Reached skill level 3 in Conjurations
 17445 | D:11     | Reached skill level 3 in Earth Magic
 17593 | D:11     | Killed a two-headed ogre
 17594 | D:11     | Reached skill level 9 in Shields
 17655 | D:12     | Found a shimmering altar of Xom.
 17687 | D:12     | Reached skill level 13 in Fighting
 17858 | D:12     | Reached skill level 4 in Conjurations
 17858 | D:12     | Reached skill level 4 in Earth Magic
 17858 | D:12     | Reached XP level 13. HP: 141/144 MP: 7/23
 17926 | D:12     | Learned a level 5 spell: Lee's Rapid Deconstruction
 17954 | D:12     | You pick up a book of Flames and begin reading...
 17954 | D:12     | You add the spells Foxfire, Conjure Flame, Inner Flame and
                  | Flame Wave to your library.
 18308 | D:13     | HP: 28/142 [boulder beetle (18)]
 18320 | D:13     | HP: 26/142 [boulder beetle (27)]
 18321 | D:13     | HP: 11/142 [boulder beetle (26)]
 18554 | D:13     | Found a bloodstained altar of Trog.
 19081 | Lair:1   | Entered Level 1 of the Lair of Beasts
 19082 | Lair:1   | Noticed Prince Ribbit
 19126 | D:11     | Killed Prince Ribbit
 19127 | D:11     | Reached skill level 5 in Conjurations
 19131 | D:11     | Reached skill level 5 in Earth Magic
 19212 | Lair:1   | You pick up a book of Iron and begin reading...
 19212 | Lair:1   | You add the spells Animate Armour and Blade Hands to your
                  | library.
 19872 | Lair:2   | Noticed Fannar
 19886 | Lair:2   | Killed Fannar
 20064 | Lair:2   | Identified the +10 hand crossbow of Dividends {flame, rF+}
 20571 | Lair:2   | Found a staircase to the Swamp.
 20603 | Lair:2   | Reached skill level 6 in Conjurations
 20603 | Lair:2   | Reached skill level 6 in Earth Magic
 20629 | Lair:2   | HP: 36/145 [swamp worm (15)]
 20710 | Lair:2   | Noticed Nergalle
 20719 | Lair:2   | Banished Nergalle
 21036 | Lair:3   | Found a staircase to the Snake Pit.
 21475 | Lair:3   | HP: 36/145 [wolf (2)]
 21479 | Lair:3   | HP: 15/145 [wolf (3)]
 21480 | Lair:3   | HP: 7/145 [wolf (2)]
 21481 | Lair:3   | HP: 1/145 [wolf (3)]
 21482 | Lair:3   | Slain by a wolf

Vanquished Creatures
  Fannar (Lair:2)
  2 hydras
  3 centaur warriors
  2 boulder beetles
  Erica (D:11)
  A two-headed ogre (D:11)
  The ghost of Foxy the Basher, a novice PaBe of Trog (D:8)
  Pikel (D:4)
  An ugly thing (D:12)
  2 cyclopes
  2 ice statues (IceCv)
  2 gargoyles
  An unseen horror (D:12)
  5 cane toads
  2 kobold demonologists (D:13)
  2 rime drakes (D:11)
  A tengu conjurer (D:11)
  6 trolls
  2 tyrant leeches (Lair:2)
  Prince Ribbit (D:11)
  7 blink frogs
  A ynoxinul (D:8)
  4 wyverns
  14 yaks
  3 wraiths
  2 hogs (D:13)
  8 vampire mosquitoes
  A death yak simulacrum (IceCv)
  A naga (Lair:3)
  2 steam dragons (D:9)
  4 swamp worms (Lair:2)
  An acid dragon (D:10)
  4 water moccasins
  2 orc warriors (D:9)
  2 sky beasts
  11 wolves
  6 black bears
  2 ogres (D:5)
  5 centaurs
  3 lemures
  A phantom (D:5)
  5 kobold brigands
  10 bullfrogs
  2 gnoll sergeants (D:10)
  2 cane toad simulacra (IceCv)
  2 scorpions
  A necrophage (D:6)
  4 wights
  11 killer bees
  An elephant simulacrum (IceCv)
  3 howler monkeys
  2 jellies
  3 orc priests
  A gnoll shaman (D:7)
  Crazy Yiuf (D:5)
  8 hounds
  Terence (D:2)
  8 iguanas
  12 orc wizards
  11 gnolls
  8 adders
  6 river rats (Sewer)
  A white imp (D:7)
  A worm (D:3)
  5 dart slugs
  25 orcs
  10 bats
  5 endoplasms
  2 giant cockroaches
  8 goblins
  10 hobgoblins
  3 jackals
  43 kobolds
  8 quokkas
  16 ball pythons
  2 frilled lizards
  27 rats
  A spectral hobgoblin (D:1)
392 creatures vanquished.

Vanquished Creatures (others)
  45 fungi
  62 plants
107 creatures vanquished.

Grand Total: 499 creatures vanquished

Table legend:
 A = Non-vault XP
 B = Vault XP
 C = Vault XP percentage of total XP
 D = Non-vault monster count
 E = Vault monster count
 F = Vault count percentage of total count
                 A         B        C        D         E       F
            +---------+---------+-------+---------+---------+-------
      Total |   30782 |   16988 |  35.6 |     279 |     123 |  30.6
            +---------+---------+-------+---------+---------+-------
        D:1 |      47 |       1 |   2.1 |      25 |       1 |   3.8
        D:2 |      26 |      40 |  60.6 |      14 |       3 |  17.6
        D:3 |      51 |      14 |  21.5 |      22 |       8 |  26.7
        D:4 |     221 |     634 |  74.2 |      13 |       3 |  18.8
        D:5 |     787 |      40 |   4.8 |      17 |       1 |   5.6
        D:6 |     549 |     418 |  43.2 |      16 |       1 |   5.9
        D:7 |     580 |     460 |  44.2 |      20 |       1 |   4.8
        D:8 |    2060 |     995 |  32.6 |      20 |       2 |   9.1
        D:9 |    2548 |       2 |   0.1 |      23 |       1 |   4.2
       D:10 |    3536 |       0 |   0.0 |      26 |       0 |   0.0
       D:11 |    4978 |    7033 |  58.6 |      21 |      23 |  52.3
       D:12 |    4863 |     855 |  15.0 |      23 |       2 |   8.0
       D:13 |    3969 |     378 |   8.7 |      12 |       2 |  14.3
     Lair:1 |    2903 |     259 |   8.2 |      10 |       1 |   9.1
     Lair:2 |    2344 |    2929 |  55.5 |       8 |       8 |  50.0
     Lair:3 |    1320 |     317 |  19.4 |       9 |       5 |  35.7
      Sewer |       0 |     186 | 100.0 |       0 |      53 | 100.0
      IceCv |       0 |    2427 | 100.0 |       0 |       8 | 100.0
            +---------+---------+-------+---------+---------+-------

Illustrated notes

Table legend:
 A = Kills in this place as a percentage of kills in entire the game.
 B = Kills by you in this place as a percentage of kills by you in the entire game.
 C = Kills by friends in this place as a percentage of kills by friends in the entire game.
 D = Other kills in this place as a percentage of other kills in the entire game.
 E = Experience gained in this place as a percentage of experience gained in the entire game.
 F = Experience gained in this place divided by the number of levels of this place that you have seen.
                   A       B       C       D       E      F
               +-------+-------+-------+-------+-------+----------------------
         Total | 100.0 | 100.0 |   N/A | 100.0 | 100.0 | 2514.2
       Dungeon |  74.6 |  74.6 |   N/A |  76.9 |  73.4 | 2698.8
          Lair |  10.2 |  10.3 |   N/A |   7.7 |  21.1 | 3357.3
         Sewer |  13.2 |  13.6 |   N/A |   0.0 |   0.4 | 186.0
      Ice Cave |   2.0 |   1.5 |   N/A |  15.4 |   5.1 | 2427.0
               +-------+-------+-------+-------+-------+----------------------

Table legend: (Time is in decaauts)
 A = Elapsed time spent in this place.
 B = Non-inter-level travel time spent in this place.
 C = Inter-level travel time spent in this place.
 D = Time resting spent in this place.
 E = Time spent auto-exploring this place.
 F = Levels seen in this place.
 G = Mean time per level.
                   A        B        C        D        E       F      G
               +--------+--------+--------+--------+--------+-----+--------+
         Total |  21936 |  21297 |    639 |   4001 |  13129 |  19 | 1154.5 |
       Dungeon |  17835 |  17227 |    608 |   2975 |  11226 |  13 | 1371.9 |
          Lair |   2370 |   2340 |     30 |    365 |   1459 |   3 |  790.0 |
         Abyss |     37 |     37 |      0 |      0 |      5 |   1 |   37.0 |
         Sewer |   1519 |   1519 |      0 |    624 |    436 |   1 | 1519.0 |
      Ice Cave |    173 |    173 |      0 |     37 |      2 |   1 |  173.0 |
               +--------+--------+--------+--------+--------+-----+--------+

Top non-repeatable levels by time:
     D:5: 1839 daAuts
     D:6: 1779 daAuts
     D:1: 1615 daAuts
     D:9: 1613 daAuts
     D:8: 1601 daAuts
   Sewer: 1519 daAuts
     D:7: 1466 daAuts
     D:4: 1392 daAuts
    D:11: 1351 daAuts
    D:10: 1284 daAuts
     D:2: 1195 daAuts
     D:3: 1107 daAuts
  Lair:2: 1103 daAuts
    D:12: 1103 daAuts
  Lair:1: 800 daAuts
